 Dungeon Crawl Stone Soup version 0.29.1-15-g9cfb28693d (webtiles) character file.

Game seed: 11389524876362830581

98 javelincjr the Magician (level 5, 39/39 HPs)
             Began as a Djinni Conjurer on Mar 22, 2023.
             Was a Follower of Uskayaw.
             Quit the game on level 2 of the Dungeon.
             The game lasted 00:08:46 (2747 turns).

javelincjr the Magician (Djinni Conjurer)           Turns: 2747, Time: 00:08:47

Health: 39/39      AC:  3    Str:  8    XL:     5   Next: 1%
Gold:   59         EV: 12    Int: 19    God:    Uskayaw [*.....] SH:  0 Dex: 12

rFire   + + .      SeeInvis .   f - +2 dagger (protect)
rCold   x . .      Faith    .   (no shield)
rNeg    . . .      Spirit   .   a - +0 robe
rPois   ∞          Reflect  .   (no helmet)
rElec   .          Harm     .   o - +0 cloak
rCorr   .          Rampage  .   (no gloves)
Will    .....                   (boots unavailable)
Stlth   ++........              (no amulet)
HPRegen 0.13/turn               (no ring)
MPRegen 0.00/turn               (no ring)

@: flying
A: sickness immunity, fire resistance 2, cold vulnerability 1, float, innate
caster, HP casting, extra vitality 1
a: Renounce Religion, Stomp


You were on level 2 of the Dungeon.
You worshipped Uskayaw.
Uskayaw was noncommittal.
You visited 1 branch of the dungeon, and saw 3 of its levels.

You collected 59 gold pieces.

Inventory:

Hand Weapons
 f - a +2 dagger of protection (weapon)
Armour
 a - a +0 robe (worn)
 o - a +0 cloak (worn)
Jewellery
 r - a ring of protection from cold
Scrolls
 b - a scroll of enchant weapon {unknown}
 c - a scroll of summoning {unknown}
 d - a scroll of fear {unknown}
 g - a scroll of fog {unknown}
 j - a scroll of brand weapon {unknown}
 k - 3 scrolls of identify {unknown}
 m - a scroll of immolation {unknown}
Potions
 e - 4 potions of might {unknown}
 h - a potion of magic {unknown}
 i - a potion of heal wounds {unknown}
 l - 2 potions of lignification {unknown}
 n - 2 potions of haste {unknown}
 p - a potion of berserk rage {unknown}
 q - a potion of degeneration {unknown}


   Skills:
 * Level 2.3 Fighting
 + Level 3.1 Dodging
 - Level 1.6 Stealth
 * Level 3.9 Spellcasting


You couldn't memorise any spells.
You knew the following spells:

 Your Spells              Type           Power      Damage    Failure   Level
a - Magic Dart            Conj           72%        1d6       2%          1
b - Searing Ray           Conj           36%        2d5       4%          2
c - Dazzling Flash        Conj/Hex       36%        N/A       9%          3
d - Fulminant Prism       Conj/Hex       9%         3d7       28%         4
e - Iskenderun's Mystic   Conj/Tloc      18%        2d6       28%         4
f - Necrotise             Necr           72%        1d7       2%          1
g - Wereblood             Tmut           18%        N/A       4%          2
Your spell library was empty.

Dungeon Overview and Level Annotations

Branches:
Dungeon (3/15)

Altars:
Uskayaw

Annotations:
D:2 Jessica
D:3 Sigmund


Innate Abilities, Weirdness & Mutations

You are immune to sickness and miasma.
You are immune to poison.
Your flesh is very heat resistant. (rF++)
You are vulnerable to cold. (rC-)
You float through the air rather than walking.
You learn spells naturally, not from books.
Your magical power is your life essence.
You have superior vitality. (+4 MHP)


Message History

You have reached level 5!
The power to cast Wereblood wells up from within.
Spell assigned to 'g'.
q - a fizzy dark potion
Things that are here:
a +0 short sword; a +0 scale mail
Found a short sword.
You reach down and open the door.
There is an open door here.
r - a ring of protection from cold
There is an open door here.
You reach down and open the door.
There is an open door here.
e - 4 ruby potions (gained 1)
There is an open door here.
Found 3 stones.
You reach down and open the door.
Found a faded altar of an unknown god.
There is an open door here.
You hit the fungus.
The fungus begins to die.
The fungus is lightly damaged.
You hit the fungus.
The fungus begins to die.
The fungus is lightly damaged.
A nearby fungus withers and dies.
A nearby fungus withers and dies.
You reach down and open the door.
There is an open door here.
You hit the plant.
The plant begins to die.
The plant is lightly damaged.
You hit the plant but do no damage.
The plant is lightly damaged.
You hit the plant.
The plant begins to die.
The plant is lightly damaged.
A nearby plant withers and dies.
There is a faded altar of an unknown god here.
You cannot tell which god this altar belongs to.
Convert to them anyway?
Uskayaw accepts your prayer! Uskayaw welcomes you!
You can now stomp with the beat.
Are you sure you want to abandon this character and quit the game? (Confirm with "yes".)

+# P. 8## .. #######
##.# ......# ##..#
#####.# #####P@.#
....#.#####.'.#..## #
...##.#...#.#.#.## (#
...##.#.###.#...# ..#
...##.#.# #.###8# ...#
....#.#.# #.....# ....#
....#'#'#######'#.....#
>.....................#
......................#


There were no monsters in sight!

Vanquished Creatures
  Terence (D:2)
  An adder (D:3)
  3 worms (D:2)
  2 dart slugs (D:1)
  5 ball pythons (D:1)
  4 endoplasms
  5 goblins
  5 hobgoblins
  2 kobolds
  5 quokkas
  4 bats
  7 frilled lizards
  3 rats
47 creatures vanquished.

Vanquished Creatures (collateral kills)
  A giant cockroach (D:3)
1 creature vanquished.

Vanquished Creatures (others)
  4 fungi (D:2)
  A plant (D:2)
5 creatures vanquished.

Grand Total: 53 creatures vanquished

Notes
Turn   | Place    | Note
-------+----------+-------------------------------------------
     0 | D:1      | javelincjr the Djinni Conjurer began the quest for the Orb.
     0 | D:1      | javelincjr set off with the following spells memorised:
                  | Magic Dart, Searing Ray, Dazzling Flash, Fulminant Prism,
                  | Iskenderun's Mystic Blast.
     0 | D:1      | Reached XP level 1. HP: 15/15 MP: 0/0
   358 | D:1      | Reached XP level 2. HP: 21/22 MP: 0/0
   459 | D:1      | Reached skill level 1 in Fighting
   795 | D:1      | Reached XP level 3. HP: 27/27 MP: 0/0
   795 | D:1      | Learned a level 1 spell: Necrotise
  1685 | D:2      | Noticed Jessica
  1692 | D:2      | You are sucked into a shaft and drop 1 floor!
  1743 | D:3      | Reached XP level 4. HP: 32/33 MP: 0/0
  1836 | D:3      | Noticed Sigmund
  2497 | D:2      | Noticed Terence
  2504 | D:2      | Killed Terence
  2505 | D:2      | Reached XP level 5. HP: 18/39 MP: 0/0
  2505 | D:2      | Learned a level 2 spell: Wereblood
  2726 | D:2      | Found a faded altar of an unknown god.
  2746 | D:2      | Prayed at the altar of an unknown god.
  2746 | D:2      | Became a worshipper of Uskayaw the Reveller
  2746 | D:2      | Reached * piety under Uskayaw
  2747 | D:2      | Quit the game

Illustrated notes

Levels and vault maps discovered:
D:1:      dpeg_arrival_pits, layout_loops_ring, serial_bayou_pond_b,
          amcnicky_mini_rare_corridor_liquid
D:2:      layout_basic, shapermc_ecumenical_altar_ellora, nicolae_wormholes,
          uniq_terence, uniq_crazy_yiuf_cottage, uniq_jessica
D:3:      layout_basic, mainiacjoe_overflow_cross_hatched,
          serial_co_window_serial, co_window_corner_a, co_window_corner_a,
          co_window_corner_a, co_window_corner_a, co_window_paths_a,
          co_window_cross_1, co_window_corner_a, co_window_paths_a,
          co_window_paths_b, co_window_corner_b, co_window_paths_c,
          co_window_unsneaky_path_b, co_window_of_opportunity_b,
          co_window_of_opportunity_b, co_window_paths_c, co_window_cross_4,
          co_window_paths_e, glass_columns_c, glass_columns_b, glass_columns_b,
          st_stairs_4, minmay_misc_feat_diagonals, mrwooster_statue_mirror,
          uniq_sigmund

Skill      XL: |  1  2  3  4 |
---------------+-------------+-----
Fighting       | 1 2 |  2.3
Dodging        | 3 |  3.1
Stealth        | |  1.6
Spellcasting   | |  3.9

Action                   |  1- 3 |  4- 6 || total
-------------------------+-------+-------++-------
Melee: Dagger            |    31 |     5 ||    36
       Punch             |     1 |       ||     1
 Cast: Magic Dart        |    21 |    19 ||    40
       Searing Ray       |     3 |     2 ||     5
       Necrotise         |    18 |     2 ||    20
       Dazzling Flash    |       |     1 ||     1
 Stab: Sleeping          |     4 |       ||     4
Armor: Robe              |     8 |       ||     8
Dodge: Dodged            |    20 |     4 ||    24
